Wolves vs Blackdemons

Created - 22 janvier 2013 at 19:55

Goals
1 2 3 OT1 SO T
Wolves 1 2 1 0 3 5
Blackdemons 1 2 1 0 2 4
Shots
1 2 3 OT1 SO T
Wolves 13 9 18 0 6 40
Blackdemons 9 4 13 0 6 26

1st period

1. Wolves , Alexander Perezhogin 20 (Ethan Moreau) at 5:06
2. Blackdemons , Matt Moulson 14 (Sam Gagner) at 13:01

Penalties :
Mike Sislo (Min) for Interference (Minor) at 1:18, Karl Alzner (MJM) for Holding Stick (Minor) at 8:08, James Neal (MJM) for Interference (Minor) at 19:01

2nd period

3. Wolves , Vyacheslav Kozlov 7 (Mike Zigomanis) at 4:49 (PP)
4. Blackdemons , Matt Moulson 15 (Tomas Kopecky, Mathieu Biron) at 5:48
5. Blackdemons , Steve Konowalchuk 6 (Enver Lisin, Zack Hamill) at 12:52
6. Wolves , Chris Neil 16 (Vyacheslav Kozlov, Mike Zigomanis) at 14:05 (PP)

Penalties :
Mathieu Biron (MJM) for Hooking (Minor) at 1:56, Chris Neil (Min) for Tripping (Minor) at 2:11, Jakub Kindl (MJM) for Hooking (Minor) at 4:47, Sam Gagner (MJM) for Tripping (Minor) at 6:05, Cody McLeod (Min) for Hooking (Minor) at 8:15, Sam Gagner (MJM) for Hooking (Minor) at 10:17, Cody McLeod (Min) for Tripping (Minor) at 10:17, Zack Hamill (MJM) for Holding (Minor) at 14:01, Jakub Kindl (MJM) for Hooking (Minor) at 14:47

3rd period

7. Blackdemons , Matt Moulson 16 (Todd Fedoruk, Radoslav Suchy) at 8:54
8. Wolves , Philippe Boucher 5 (Chris Neil) at 12:12 (PP)

Penalties :
Curtis Brown (MJM) for Hooking (Minor) at 11:40, Sam Gagner (MJM) for Hooking (Minor) at 12:15, James Neal (MJM) for Hooking (Minor) at 16:11, Mathieu Biron (MJM) for Hooking (Minor) at 16:22

Overtime #1

No Goal

Penalties :
No Penalty

Shootout

Penalty Shot by Chris Neil for Wolves - Shot Misses the Net
Penalty Shot by James Neal for Blackdemons - Goal!
Penalty Shot by Vyacheslav Kozlov for Wolves - Goal!
Penalty Shot by Enver Lisin for Blackdemons - Stopped by Loïc Lacasse
Penalty Shot by Ethan Moreau for Wolves - Stopped by Michal Neuvirth
Penalty Shot by Matt Moulson for Blackdemons - Stopped by Loïc Lacasse
Penalty Shot by Alexander Perezhogin for Wolves - Goal!
Penalty Shot by Michael Peca for Blackdemons - Goal!
Penalty Shot by Mike Zigomanis for Wolves - Stopped by Michal Neuvirth
Penalty Shot by Todd Fedoruk for Blackdemons - Stopped by Loïc Lacasse
Penalty Shot by Dan Fritsche for Wolves - Goal!
Penalty Shot by Steve Konowalchuk for Blackdemons - Shot Misses the Net

Penalties :
No Penalty

Goalie Stats

Loïc Lacasse (Min), 22 saves from 26 shots - (0,846), W, 3-0-1, 65:00 minutes
Michal Neuvirth (MJM), 36 saves from 40 shots - (0,900), OTL, 9-6-2, 65:00 minutes

Players Stats for Wolves

Player Name              G  A  P  +/- PIM S  H  SB GA TA FO     MP     PP MP  PK MP  
------------------------------------------------------------------------------------
Alexander Perezhogin     1  0  1  -1  0   2  1  0  0  0  0/0    18:30   5:26   1:08 
Bruno Gervais            0  0  0  -1  0   1  1  2  0  1  0/0    22:07   4:42   2:17 
Chris Neil               1  1  2  -2  2   6  3  1  1  0  4/6    23:23   7:25   1:33 
Chris Terry              0  0  0   0  0   0  0  0  0  0  0/0     0:00   0:00   0:00 
Cody McLeod              0  0  0   0  4   1  2  0  0  0  0/0    12:54   0:00   0:33 
Dan Fritsche             0  0  0  -2  0   1  1  0  0  0  4/6    14:18   5:26   0:49 
Ethan Moreau             0  1  1  -1  0   8  1  0  1  0  0/0    19:56   5:26   2:03 
Geoff Paukovich          0  0  0   0  0   0  1  0  0  0  0/0     1:06   0:00   0:24 
Jason King               0  0  0   0  0   2  3  0  0  0  1/3    13:23   0:06   0:00 
Jonas Junland            0  0  0   1  0   0  1  0  0  0  0/0     4:09   0:00   0:00 
Kevin Veilleux           0  0  0   0  0   0  0  0  0  0  2/3     6:43   0:00   0:00 
Marc Methot              0  0  0   0  0   0  0  1  0  1  0/0     8:13   0:00   0:00 
Marc-André Gragnani      0  0  0   1  0   0  0  0  0  0  0/0     4:09   0:00   0:00 
Mark Fayne               0  0  0   0  0   0  0  0  0  0  0/0     0:00   0:00   0:00 
Matt Gilroy              0  0  0   0  0   0  0  1  0  0  0/0     8:13   0:00   0:00 
Mike Sislo               0  0  0   1  2   1  0  0  0  0  0/0     7:38   0:00   0:00 
Mike Zigomanis           0  2  2  -2  0   1  2  0  0  1  18/33  19:24   7:26   0:16 
Milan Bartovic           0  0  0   0  0   2  1  0  1  0  0/0     9:24   0:06   0:00 
Nate Guenin              0  0  0  -1  0   0  3  0  0  0  0/0    22:07   4:42   2:17 
Petr Kalus               0  0  0   0  0   1  0  0  0  0  1/7    10:08   0:00   0:00 
Philippe Boucher         1  0  1  -3  0   5  3  1  3  1  0/0    30:31   8:16   1:56 
Stefan Chaput            0  0  0   0  0   0  0  0  0  0  0/0     0:00   0:00   0:00 
Tim Crowder              0  0  0   0  0   0  0  0  0  0  0/0     0:20   0:06   0:00 
Vyacheslav Kozlov        1  1  2  -2  0   7  2  0  0  1  1/1    24:53   7:26   1:40 
Willie Mitchell          0  0  0  -3  0   2  2  1  0  1  0/0    30:31   8:16   1:56 

Players Stats for Blackdemons

Player Name              G  A  P  +/- PIM S  H  SB GA TA FO     MP     PP MP  PK MP  
------------------------------------------------------------------------------------
Curtis Brown             0  0  0   0  2   2  3  0  0  1  2/6    17:53   0:00   3:29 
Enver Lisin              0  1  1   1  0   1  2  2  0  0  0/0    13:02   1:54   0:00 
Jakub Kindl              0  0  0   2  4   0  0  1  0  1  0/0    19:20   0:01   2:58 
James Neal               0  0  0   0  4   3  2  3  1  0  1/2    16:54   2:15   1:04 
Karl Alzner              0  0  0   0  2   0  1  2  1  2  0/0    24:34   1:36   6:59 
Mathieu Biron            0  1  1   1  4   0  1  2  0  0  0/0    23:34   2:37   6:30 
Matt Moulson             3  0  3   3  0   7  2  1  1  0  0/1    17:21   1:53   1:31 
Maxime Macenauer         0  0  0   0  0   0  1  0  0  0  1/3     7:59   0:00   0:00 
Michael Peca             0  0  0   0  0   1  0  1  0  1  14/29  20:44   0:00   7:52 
Mike Duco                0  0  0  -1  0   0  0  1  0  0  0/0     9:10   0:04   0:00 
Nathan Paetsch           0  0  0   0  0   1  0  1  0  1  0/0    23:40   1:36   4:44 
Nikita Nikitin           0  0  0   1  0   0  0  1  0  0  0/0    14:58   2:36   0:00 
Radoslav Suchy           0  1  1   2  0   0  2  0  0  0  0/0    24:13   0:01   4:44 
Sam Gagner               0  1  1   3  6   1  0  1  2  0  6/9    13:08   1:53   0:06 
Steve Konowalchuk        1  0  1   0  0   2  1  1  0  0  0/0    13:34   0:04   3:21 
Todd Fedoruk             0  1  1   0  0   5  0  0  0  0  0/0    10:14   2:15   0:00 
Tomas Kopecky            0  1  1   2  0   2  2  0  1  0  0/1    17:54   0:04   6:45 
Zack Hamill              0  1  1   1  2   1  0  0  0  0  4/8    13:07   2:16   0:00 

3 Stars

1 - Matt Moulson (MJM)
2 - Vyacheslav Kozlov (Min)
3 - Tomas Kopecky (MJM)

Power Play

Wolves - 3 on 11 Attempt(s) - 27,27%
Blackdemons - 0 on 3 Attempt(s) - 0,00%

Penalty Kill

Wolves - 3 on 3 Attempt(s) - 100,00% - Score 0 goal in Penalty Kill
Blackdemons - 8 on 11 Attempt(s) - 72,73% - Score 0 goal in Penalty Kill

Official

Referees : Kowal Tom and Watson Brad
Linesman : Pierre Champoux and Jay Sharrers

Game Notes

Matt Moulson has scored a Hat Trick!

Wolves

5 vs 5 Forward 
   Center                   Left Wing                Right Wing               Time % Phy DF OF 
 1 Mike Zigomanis           Vyacheslav Kozlov        Chris Neil               40     1   2  2  
 2 Dan Fritsche             Ethan Moreau             Alexander Perezhogin     30     1   2  2  
 3 Petr Kalus               Cody McLeod              Jason King               20     1   2  2  
 4 Kevin Veilleux           Mike Sislo               Milan Bartovic           10     1   2  2  

5 vs 5 Defense 
   Defense                  Defense                                           Time % Phy DF OF 
 1 Willie Mitchell          Philippe Boucher                                  40     1   2  2  
 2 Nate Guenin              Bruno Gervais                                     30     1   2  2  
 3 Matt Gilroy              Marc Methot                                       20     1   2  2  
 4 Jonas Junland            Marc-André Gragnani                               10     1   2  2  

PowerPlay Forward 
   Center                   Left Wing                Right Wing               Time % Phy DF OF 
 1 Mike Zigomanis           Vyacheslav Kozlov        Chris Neil               60     1   2  2  
 2 Dan Fritsche             Ethan Moreau             Alexander Perezhogin     40     1   2  2  

PowerPlay Defense
   Defense                  Defense                                           Time % Phy DF OF 
 1 Willie Mitchell          Philippe Boucher                                  60     1   2  2  
 2 Nate Guenin              Bruno Gervais                                     40     1   2  2  

Penalty Kill 4 Players Forward 
   Center                   Wing                     Time % Phy DF OF 
 1 Chris Neil               Vyacheslav Kozlov        60     1   2  2  
 2 Ethan Moreau             Alexander Perezhogin     40     1   2  2  

Penalty Kill 4 Players Defense
   Defense                  Defense                  Time % Phy DF OF 
 1 Willie Mitchell          Philippe Boucher         60     1   2  2  
 2 Nate Guenin              Bruno Gervais            40     1   2  2  

Penalty Kill - 3 Players Forward 
   Forward                                           Time % Phy DF OF 
 1 Chris Neil                                        60     1   2  2  
 2 Vyacheslav Kozlov                                 40     1   2  2  

Penalty Kill - 3 Players Defense
   Defense                  Defense                  Time % Phy DF OF 
 1 Willie Mitchell          Philippe Boucher         60     1   2  2  
 2 Nate Guenin              Bruno Gervais            40     1   2  2  

4 vs 4 Forward 
   Center                   Wing                     Time % Phy DF OF 
 1 Chris Neil               Vyacheslav Kozlov        60     1   2  2  
 2 Ethan Moreau             Alexander Perezhogin     40     1   2  2  

4 vs 4 Defense
   Defense                  Defense                  Time % Phy DF OF 
 1 Willie Mitchell          Philippe Boucher         60     1   2  2  
 2 Nate Guenin              Bruno Gervais            40     1   2  2  

Last Minutes Offensive
   Center                   Left Wing                Right Wing               Defense                  Defense                  
   Mike Zigomanis           Vyacheslav Kozlov        Chris Neil               Willie Mitchell          Philippe Boucher         

Last Minutes Defensive
   Center                   Left Wing                Right Wing               Defense                  Defense                  
   Mike Zigomanis           Vyacheslav Kozlov        Chris Neil               Willie Mitchell          Philippe Boucher         

Goaltenders
Starting : Loïc Lacasse             
Backup : Julien Ellis             

Extra Forwards
Normal : Jason King, Milan Bartovic, Cody McLeod - PP : Jason King, Milan Bartovic - PK : Cody McLeod
Extra Defensemen
Normal : Matt Gilroy, Marc Methot, Jonas Junland - PP : Matt Gilroy - PK : Marc Methot, Jonas Junland
Penalty Shots
Chris Neil, Vyacheslav Kozlov, Ethan Moreau, Alexander Perezhogin, Mike Zigomanis

Blackdemons

5 vs 5 Forward 
   Center                   Left Wing                Right Wing               Time % Phy DF OF 
 1 Michael Peca             James Neal               Curtis Brown             34     1   2  2  
 2 Sam Gagner               Matt Moulson             Tomas Kopecky            30     1   2  2  
 3 Zack Hamill              Steve Konowalchuk        Enver Lisin              20     0   3  2  
 4 Maxime Macenauer         Todd Fedoruk             Mike Duco                16     0   3  2  

5 vs 5 Defense 
   Defense                  Defense                                           Time % Phy DF OF 
 1 Radoslav Suchy           Jakub Kindl                                       38     1   3  1  
 2 Karl Alzner              Nathan Paetsch                                    34     0   4  1  
 3 Nikita Nikitin           Mathieu Biron                                     28     1   3  1  
 4 Nikita Nikitin           Mathieu Biron                                     0      0   5  0  

PowerPlay Forward 
   Center                   Left Wing                Right Wing               Time % Phy DF OF 
 1 Zack Hamill              James Neal               Todd Fedoruk             60     1   2  2  
 2 Sam Gagner               Matt Moulson             Enver Lisin              40     1   2  2  

PowerPlay Defense
   Defense                  Defense                                           Time % Phy DF OF 
 1 Nikita Nikitin           Mathieu Biron                                     60     0   2  3  
 2 Karl Alzner              Nathan Paetsch                                    40     0   2  3  

Penalty Kill 4 Players Forward 
   Center                   Wing                     Time % Phy DF OF 
 1 Michael Peca             Tomas Kopecky            60     2   3  0  
 2 Curtis Brown             Steve Konowalchuk        40     1   4  0  

Penalty Kill 4 Players Defense
   Defense                  Defense                  Time % Phy DF OF 
 1 Karl Alzner              Mathieu Biron            60     1   4  0  
 2 Radoslav Suchy           Nathan Paetsch           40     1   4  0  

Penalty Kill - 3 Players Forward 
   Forward                                           Time % Phy DF OF 
 1 Michael Peca                                      60     0   5  0  
 2 Curtis Brown                                      40     0   5  0  

Penalty Kill - 3 Players Defense
   Defense                  Defense                  Time % Phy DF OF 
 1 Karl Alzner              Mathieu Biron            60     1   4  0  
 2 Radoslav Suchy           Nathan Paetsch           40     0   5  0  

4 vs 4 Forward 
   Center                   Wing                     Time % Phy DF OF 
 1 Curtis Brown             Matt Moulson             60     1   2  2  
 2 Michael Peca             James Neal               40     1   2  2  

4 vs 4 Defense
   Defense                  Defense                  Time % Phy DF OF 
 1 Karl Alzner              Nathan Paetsch           60     1   3  1  
 2 Radoslav Suchy           Mathieu Biron            40     1   3  1  

Last Minutes Offensive
   Center                   Left Wing                Right Wing               Defense                  Defense                  
   Curtis Brown             Matt Moulson             Enver Lisin              Radoslav Suchy           Nathan Paetsch           

Last Minutes Defensive
   Center                   Left Wing                Right Wing               Defense                  Defense                  
   Michael Peca             Matt Moulson             Tomas Kopecky            Radoslav Suchy           Nathan Paetsch           

Goaltenders
Starting : Michal Neuvirth          
Backup : Jason LaBarbera          

Extra Forwards
Normal : Zack Hamill, Enver Lisin, Sam Gagner - PP : Todd Fedoruk, Tomas Kopecky - PK : Matt Moulson
Extra Defensemen
Normal : Jakub Kindl, Karl Alzner, Nathan Paetsch - PP : Jakub Kindl - PK : Jakub Kindl, Karl Alzner
Penalty Shots
James Neal, Enver Lisin, Matt Moulson, Michael Peca, Todd Fedoruk

% Time on Ice - Wolves

Lines # - Real PCT - Wanted PCT - Time Play
Normal Forward
1 - 32% - 40% - 12:21
2 - 25% - 30% - 9:54
3 - 26% - 20% - 10:08
4 - 17% - 10% - 6:43
Normal Defense
1 - 42% - 40% - 16:16
2 - 29% - 30% - 11:20
3 - 19% - 20% - 7:21
4 - 11% - 10% - 4:09
PP Forward
1 - 58% - 60% - 7:32
2 - 42% - 40% - 5:26
PP Defense
1 - 64% - 60% - 8:16
2 - 36% - 40% - 4:42
PK Forward
1 - 73% - 60% - 3:05
2 - 27% - 40% - 1:08
PK Defense
1 - 46% - 60% - 1:56
2 - 54% - 40% - 2:17
PK3 Forward
1 - 0% - 60%
2 - 0% - 40%
PK3 Defense
1 - 0% - 60%
2 - 0% - 40%
44 Forward
1 - 79% - 60% - 6:51
2 - 21% - 40% - 1:52
44 Defense
1 - 56% - 60% - 4:55
2 - 44% - 40% - 3:48
Last Minute Offensive  - 0:00
Last Minute Defensive  - 0:00
Total
Forward - 65:00
Defense - 65:00

% Time on Ice - Blackdemons

Lines # - Real PCT - Wanted PCT - Time Play
Normal Forward
1 - 33% - 34% - 12:51
2 - 25% - 30% - 9:49
3 - 22% - 20% - 8:27
4 - 20% - 16% - 7:59
Normal Defense
1 - 41% - 38% - 16:11
2 - 33% - 34% - 12:56
3 - 26% - 28% - 9:59
4 - 0% - 0% - 0:00
PP Forward
1 - 55% - 60% - 2:20
2 - 45% - 40% - 1:53
PP Defense
1 - 62% - 60% - 2:36
2 - 38% - 40% - 1:37
PK Forward
1 - 70% - 60% - 7:49
2 - 30% - 40% - 3:21
PK Defense
1 - 62% - 60% - 6:57
2 - 38% - 40% - 4:13
PK3 Forward
1 - 86% - 60% - 1:33
2 - 14% - 40% - 0:15
PK3 Defense
1 - 71% - 60% - 1:17
2 - 29% - 40% - 0:31
44 Forward
1 - 76% - 60% - 6:38
2 - 24% - 40% - 2:05
44 Defense
1 - 60% - 60% - 5:13
2 - 40% - 40% - 3:30
Last Minute Offensive  - 0:00
Last Minute Defensive  - 0:00
Total
Forward - 65:00
Defense - 65:00

Play by Play

1st period


0:01 of 1st period - Michael Peca wins face-off versus Mike Zigomanis in neutral zone.
0:04 of 1st period - Chris Neil is hit by James Neal and loses puck.
0:11 of 1st period - Slapshot by Michael Peca.
0:11 of 1st period - Shot Blocked by Willie Mitchell.
0:13 of 1st period - Wrist shot by Michael Peca.
0:13 of 1st period - Shot Misses the Net.
0:15 of 1st period - Snap shot by Jakub Kindl.
0:15 of 1st period - Shot Misses the Net.
0:25 of 1st period - Radoslav Suchy is hit by Willie Mitchell and loses puck.
0:34 of 1st period - Wrist shot by Ethan Moreau.
0:34 of 1st period - Stopped by Michal Neuvirth with a rebound.
1:12 of 1st period - Maxime Macenauer is hit by Milan Bartovic and loses puck.
1:18 of 1st period - Minor Penalty to Mike Sislo for Interference.
1:19 of 1st period - Chris Neil wins face-off versus Zack Hamill in Wolves zone.
3:18 of 1st period - Penalty to Mike Sislo is over, Mike Sislo is back on ice.
3:25 of 1st period - Snap shot by Ethan Moreau.
3:25 of 1st period - Shot Blocked by Karl Alzner.
4:09 of 1st period - Mike Duco is hit by Jonas Junland and loses puck.
4:26 of 1st period - Wrist shot by Steve Konowalchuk.
4:26 of 1st period - Stopped by Loïc Lacasse with a rebound.
4:44 of 1st period - Wrist shot by Ethan Moreau.
4:44 of 1st period - Stopped by Michal Neuvirth with a rebound.
4:46 of 1st period - Wrist shot by Ethan Moreau.
4:46 of 1st period - Shot Blocked by Mike Duco.
5:00 of 1st period - Snap shot by Alexander Perezhogin.
5:00 of 1st period - Shot Misses the Net.
5:02 of 1st period - Wrist shot by Ethan Moreau.
5:02 of 1st period - Shot Misses the Net.
5:04 of 1st period - Snap shot by Ethan Moreau.
5:04 of 1st period - Shot Blocked by Nathan Paetsch.
5:06 of 1st period - Wrist shot by Alexander Perezhogin.
5:06 of 1st period - Goal by Alexander Perezhogin - Wolves : 1 - Blackdemons : 0.
5:07 of 1st period - Michael Peca wins face-off versus Mike Zigomanis in neutral zone.
5:33 of 1st period - Mathieu Biron is hit by Cody McLeod and loses puck.
6:26 of 1st period - Enver Lisin is hit by Chris Neil and loses puck.
6:37 of 1st period - Nate Guenin is hit by Curtis Brown and loses puck.
6:57 of 1st period - Icing by Radoslav Suchy.
6:58 of 1st period - Kevin Veilleux wins face-off versus Maxime Macenauer in Blackdemons zone.
7:03 of 1st period - Philippe Boucher is hit by Enver Lisin and loses puck.
7:10 of 1st period - Radoslav Suchy is hit by Geoff Paukovich and loses puck.
7:31 of 1st period - Wrist shot by Matt Moulson.
7:31 of 1st period - Stopped by Loïc Lacasse with a rebound.
7:44 of 1st period - Off-side.
7:45 of 1st period - Michael Peca wins face-off versus Petr Kalus in neutral zone.
7:54 of 1st period - Nathan Paetsch is hit by Nate Guenin and loses puck.
8:08 of 1st period - Minor Penalty to Karl Alzner for Holding Stick.
8:09 of 1st period - Michael Peca wins face-off versus Mike Zigomanis in Blackdemons zone.
9:04 of 1st period - Off-side.
9:05 of 1st period - Dan Fritsche wins face-off versus Curtis Brown in neutral zone.
9:12 of 1st period - Slapshot by Ethan Moreau.
9:12 of 1st period - Stopped by Michal Neuvirth without a rebound.
9:13 of 1st period - Michael Peca wins face-off versus Dan Fritsche in Blackdemons zone.
9:22 of 1st period - Tomas Kopecky is hit by Nate Guenin and loses puck.
10:08 of 1st period - Penalty to Karl Alzner is over, Karl Alzner is back on ice.
10:29 of 1st period - Wrist shot by Milan Bartovic.
10:29 of 1st period - Shot Misses the Net.
10:45 of 1st period - Snap shot by Matt Moulson.
10:45 of 1st period - Stopped by Loïc Lacasse without a rebound.
10:46 of 1st period - Sam Gagner wins face-off versus Petr Kalus in Wolves zone.
10:51 of 1st period - Slapshot by Tomas Kopecky.
10:51 of 1st period - Stopped by Loïc Lacasse with a rebound.
11:09 of 1st period - Slapshot by Philippe Boucher.
11:09 of 1st period - Stopped by Michal Neuvirth with a rebound.
11:40 of 1st period - Snap shot by Cody McLeod.
11:40 of 1st period - Stopped by Michal Neuvirth with a rebound.
12:01 of 1st period - Snap shot by Todd Fedoruk.
12:01 of 1st period - Deflect By Mike Duco.
12:01 of 1st period - Shot Misses the Net.
12:01 of 1st period - Puck is out of play.
12:02 of 1st period - Sam Gagner wins face-off versus Mike Zigomanis in Wolves zone.
12:27 of 1st period - Enver Lisin is hit by Alexander Perezhogin and loses puck.
12:37 of 1st period - Snap shot by Alexander Perezhogin.
12:37 of 1st period - Shot Blocked by Mathieu Biron.
12:39 of 1st period - Slapshot by Ethan Moreau.
12:39 of 1st period - Stopped by Michal Neuvirth with a rebound.
12:57 of 1st period - Snap shot by Michael Peca.
12:57 of 1st period - Stopped by Loïc Lacasse with a rebound.
12:59 of 1st period - Snap shot by Michael Peca.
12:59 of 1st period - Deflect By Curtis Brown.
12:59 of 1st period - Shot Misses the Net.
12:59 of 1st period - Puck is out of play.
13:00 of 1st period - Sam Gagner wins face-off versus Chris Neil in Wolves zone.
13:01 of 1st period - Slapshot by Matt Moulson.
13:01 of 1st period - Goal by Matt Moulson - Wolves : 1 - Blackdemons : 1.
13:02 of 1st period - Sam Gagner wins face-off versus Mike Zigomanis in neutral zone.
13:05 of 1st period - Slapshot by Tomas Kopecky.
13:05 of 1st period - Shot Misses the Net.
13:23 of 1st period - Vyacheslav Kozlov is hit by Tomas Kopecky and loses puck.
13:34 of 1st period - Snap shot by Michael Peca.
13:34 of 1st period - Deflect By James Neal.
13:34 of 1st period - Stopped by Loïc Lacasse with a rebound.
13:36 of 1st period - Snap shot by Michael Peca.
13:36 of 1st period - Shot Misses the Net.
14:20 of 1st period - Slapshot by Nikita Nikitin.
14:20 of 1st period - Shot Misses the Net.
15:07 of 1st period - Snap shot by Ethan Moreau.
15:07 of 1st period - Stopped by Michal Neuvirth with a rebound.
15:46 of 1st period - Slapshot by Mike Duco.
15:46 of 1st period - Shot Misses the Net.
15:48 of 1st period - Snap shot by Mike Duco.
15:48 of 1st period - Deflect By Todd Fedoruk.
15:48 of 1st period - Stopped by Loïc Lacasse with a rebound.
16:14 of 1st period - Backhand shot by Alexander Perezhogin.
16:14 of 1st period - Deflect By Ethan Moreau.
16:14 of 1st period - Shot Misses the Net.
16:14 of 1st period - Puck is out of play.
16:15 of 1st period - Kevin Veilleux wins face-off versus Michael Peca in Blackdemons zone.
16:22 of 1st period - Snap shot by James Neal.
16:22 of 1st period - Stopped by Loïc Lacasse with a rebound.
17:24 of 1st period - Snap shot by Bruno Gervais.
17:24 of 1st period - Shot Misses the Net.
17:26 of 1st period - Slapshot by Bruno Gervais.
17:26 of 1st period - Stopped by Michal Neuvirth without a rebound.
17:27 of 1st period - Sam Gagner wins face-off versus Kevin Veilleux in Blackdemons zone.
18:11 of 1st period - Snap shot by Mike Sislo.
18:11 of 1st period - Stopped by Michal Neuvirth without a rebound.
18:12 of 1st period - Michael Peca wins face-off versus Mike Zigomanis in Blackdemons zone.
18:12 of 1st period - Michael Peca is hit by Vyacheslav Kozlov.
18:25 of 1st period - Wrist shot by Mike Zigomanis.
18:25 of 1st period - Stopped by Michal Neuvirth without a rebound.
18:26 of 1st period - Mike Zigomanis wins face-off versus Zack Hamill in Blackdemons zone.
18:27 of 1st period - Wrist shot by Chris Neil.
18:27 of 1st period - Shot Blocked by Steve Konowalchuk.
19:00 of 1st period - Snap shot by Alexander Perezhogin.
19:00 of 1st period - Shot Blocked by Michael Peca.
19:01 of 1st period - Minor Penalty to James Neal for Interference.
19:02 of 1st period - Mike Zigomanis wins face-off versus Michael Peca in Blackdemons zone.
19:03 of 1st period - Snap shot by Chris Neil.
19:03 of 1st period - Shot Blocked by Karl Alzner.
19:05 of 1st period - Snap shot by Chris Neil.
19:05 of 1st period - Stopped by Michal Neuvirth without a rebound.
19:06 of 1st period - Mike Zigomanis wins face-off versus Michael Peca in Blackdemons zone.
19:19 of 1st period - Michael Peca is hit by Philippe Boucher and loses puck.
19:42 of 1st period - Slapshot by Philippe Boucher.
19:42 of 1st period - Stopped by Michal Neuvirth with a rebound.

2nd period


0:01 of 2nd period - Mike Zigomanis wins face-off versus Michael Peca in neutral zone.
0:08 of 2nd period - Snap shot by Mike Zigomanis.
0:08 of 2nd period - Shot Misses the Net.
1:01 of 2nd period - Penalty to James Neal is over, James Neal is back on ice.
1:16 of 2nd period - Mike Duco is hit by Jason King and loses puck.
1:56 of 2nd period - Minor Penalty to Mathieu Biron for Hooking.
1:57 of 2nd period - Mike Zigomanis wins face-off versus Michael Peca in Blackdemons zone.
2:11 of 2nd period - Minor Penalty to Chris Neil for Tripping.
2:12 of 2nd period - Curtis Brown wins face-off versus Jason King in Wolves zone.
2:21 of 2nd period - Wrist shot by Vyacheslav Kozlov.
2:21 of 2nd period - Shot Misses the Net.
2:23 of 2nd period - Slapshot by Vyacheslav Kozlov.
2:23 of 2nd period - Stopped by Michal Neuvirth without a rebound.
2:24 of 2nd period - Curtis Brown wins face-off versus Jason King in Blackdemons zone.
2:36 of 2nd period - Snap shot by Jason King.
2:36 of 2nd period - Stopped by Michal Neuvirth without a rebound.
2:37 of 2nd period - Jason King wins face-off versus Curtis Brown in Blackdemons zone.
3:03 of 2nd period - Matt Moulson is hit by Vyacheslav Kozlov and loses puck.
3:50 of 2nd period - Ethan Moreau is hit by Enver Lisin and loses puck.
3:56 of 2nd period - Penalty to Mathieu Biron is over, Mathieu Biron is back on ice.
4:11 of 2nd period - Penalty to Chris Neil is over, Chris Neil is back on ice.
4:40 of 2nd period - Willie Mitchell is hit by Radoslav Suchy.
4:47 of 2nd period - Minor Penalty to Jakub Kindl for Hooking.
4:48 of 2nd period - Mike Zigomanis wins face-off versus Michael Peca in Blackdemons zone.
4:49 of 2nd period - Snap shot by Vyacheslav Kozlov.
4:49 of 2nd period - Goal by Vyacheslav Kozlov - Wolves : 2 - Blackdemons : 1.
4:50 of 2nd period - Mike Zigomanis wins face-off versus Michael Peca in neutral zone.
4:55 of 2nd period - Slapshot by Chris Neil.
4:55 of 2nd period - Shot Blocked by Mathieu Biron.
4:57 of 2nd period - Slapshot by Chris Neil.
4:57 of 2nd period - Shot Misses the Net.
4:59 of 2nd period - Backhand shot by Chris Neil.
4:59 of 2nd period - Shot Misses the Net.
5:25 of 2nd period - Snap shot by Jason King.
5:25 of 2nd period - Shot Blocked by James Neal.
5:46 of 2nd period - Wrist shot by Tomas Kopecky.
5:46 of 2nd period - Shot Misses the Net.
5:48 of 2nd period - Wrist shot by Matt Moulson.
5:48 of 2nd period - Goal by Matt Moulson - Wolves : 2 - Blackdemons : 2.
5:49 of 2nd period - Mike Zigomanis wins face-off versus Sam Gagner in neutral zone.
5:56 of 2nd period - Wrist shot by Vyacheslav Kozlov.
5:56 of 2nd period - Stopped by Michal Neuvirth with a rebound.
6:05 of 2nd period - Minor Penalty to Sam Gagner for Tripping.
6:06 of 2nd period - Michael Peca wins face-off versus Mike Zigomanis in Blackdemons zone.
6:06 of 2nd period - Michael Peca is hit by Philippe Boucher.
8:05 of 2nd period - Penalty to Sam Gagner is over, Sam Gagner is back on ice.
8:15 of 2nd period - Minor Penalty to Cody McLeod for Hooking.
8:16 of 2nd period - Chris Neil wins face-off versus Zack Hamill in Wolves zone.
8:41 of 2nd period - Nate Guenin is hit by Matt Moulson and loses puck.
9:00 of 2nd period - Dan Fritsche is hit by Karl Alzner and loses puck.
10:15 of 2nd period - Penalty to Cody McLeod is over, Cody McLeod is back on ice.
10:17 of 2nd period - Minor Penalty to Sam Gagner for Hooking.
10:17 of 2nd period - Minor Penalty to Cody McLeod for Tripping.
10:18 of 2nd period - Chris Neil wins face-off versus Curtis Brown in Blackdemons zone.
10:58 of 2nd period - Snap shot by Alexander Perezhogin.
10:58 of 2nd period - Deflect By Ethan Moreau.
10:58 of 2nd period - Stopped by Michal Neuvirth with a rebound.
12:05 of 2nd period - Milan Bartovic is hit by Curtis Brown and loses puck.
12:17 of 2nd period - Penalty to Sam Gagner is over, Sam Gagner is back on ice.
12:17 of 2nd period - Penalty to Cody McLeod is over, Cody McLeod is back on ice.
12:18 of 2nd period - Cody McLeod is hit by Radoslav Suchy and loses puck.
12:31 of 2nd period - Slapshot by Ethan Moreau.
12:31 of 2nd period - Deflect By Cody McLeod.
12:31 of 2nd period - Shot Blocked by James Neal.
12:31 of 2nd period - Puck is out of play.
12:32 of 2nd period - Zack Hamill wins face-off versus Petr Kalus in Blackdemons zone.
12:46 of 2nd period - Icing by Radoslav Suchy.
12:47 of 2nd period - Zack Hamill wins face-off versus Mike Zigomanis in Blackdemons zone.
12:52 of 2nd period - Snap shot by Enver Lisin.
12:52 of 2nd period - Deflect By Steve Konowalchuk.
12:52 of 2nd period - Goal by Steve Konowalchuk - Wolves : 2 - Blackdemons : 3.
12:53 of 2nd period - James Neal wins face-off versus Mike Zigomanis in neutral zone.
13:21 of 2nd period - Snap shot by Alexander Perezhogin.
13:21 of 2nd period - Stopped by Michal Neuvirth with a rebound.
13:33 of 2nd period - Snap shot by Alexander Perezhogin.
13:33 of 2nd period - Shot Blocked by Matt Moulson.
13:44 of 2nd period - Icing by Philippe Boucher.
13:45 of 2nd period - Zack Hamill wins face-off versus Petr Kalus in Wolves zone.
14:01 of 2nd period - Minor Penalty to Zack Hamill for Holding.
14:02 of 2nd period - Mike Zigomanis wins face-off versus Tomas Kopecky in Blackdemons zone.
14:05 of 2nd period - Snap shot by Chris Neil.
14:05 of 2nd period - Goal by Chris Neil - Wolves : 3 - Blackdemons : 3.
14:06 of 2nd period - Mike Zigomanis wins face-off versus Michael Peca in neutral zone.
14:09 of 2nd period - Snap shot by Philippe Boucher.
14:09 of 2nd period - Shot Blocked by Jakub Kindl.
14:11 of 2nd period - Snap shot by Vyacheslav Kozlov.
14:11 of 2nd period - Deflect By Chris Neil.
14:11 of 2nd period - Shot Misses the Net.
14:11 of 2nd period - Puck is out of play.
14:12 of 2nd period - Mike Zigomanis wins face-off versus Michael Peca in Blackdemons zone.
14:23 of 2nd period - Wrist shot by Vyacheslav Kozlov.
14:23 of 2nd period - Deflect By James Neal.
14:23 of 2nd period - Stopped by Michal Neuvirth with a rebound.
14:25 of 2nd period - Slapshot by Willie Mitchell.
14:25 of 2nd period - Shot Misses the Net.
14:27 of 2nd period - Slapshot by Philippe Boucher.
14:27 of 2nd period - Shot Misses the Net.
14:47 of 2nd period - Minor Penalty to Jakub Kindl for Hooking.
14:48 of 2nd period - Mike Zigomanis wins face-off versus Michael Peca in Blackdemons zone.
14:53 of 2nd period - Slapshot by Philippe Boucher.
14:53 of 2nd period - Shot Misses the Net.
14:55 of 2nd period - Slapshot by Philippe Boucher.
14:55 of 2nd period - Shot Misses the Net.
14:57 of 2nd period - Snap shot by Vyacheslav Kozlov.
14:57 of 2nd period - Shot Misses the Net.
15:21 of 2nd period - Snap shot by Curtis Brown.
15:21 of 2nd period - Stopped by Loïc Lacasse with a rebound.
15:49 of 2nd period - Radoslav Suchy is hit by Dan Fritsche and loses puck.
16:47 of 2nd period - Penalty to Jakub Kindl is over, Jakub Kindl is back on ice.
16:56 of 2nd period - Matt Moulson is hit by Jason King and loses puck.
17:13 of 2nd period - Snap shot by Todd Fedoruk.
17:13 of 2nd period - Stopped by Loïc Lacasse with a rebound.
17:19 of 2nd period - Slapshot by Mathieu Biron.
17:19 of 2nd period - Shot Blocked by Marc Methot.
17:35 of 2nd period - Snap shot by Milan Bartovic.
17:35 of 2nd period - Stopped by Michal Neuvirth with a rebound.
18:26 of 2nd period - Petr Kalus is hit by Matt Moulson and loses puck.
18:39 of 2nd period - Chris Neil is hit by Maxime Macenauer and loses puck.
19:14 of 2nd period - Snap shot by Michael Peca.
19:14 of 2nd period - Shot Blocked by Philippe Boucher.
19:34 of 2nd period - Nikita Nikitin is hit by Ethan Moreau and loses puck.

3rd period


0:01 of 3rd period - Vyacheslav Kozlov wins face-off versus Michael Peca in neutral zone.
0:30 of 3rd period - Off-side.
0:31 of 3rd period - Dan Fritsche wins face-off versus Matt Moulson in neutral zone.
0:36 of 3rd period - Snap shot by Ethan Moreau.
0:36 of 3rd period - Stopped by Michal Neuvirth with a rebound.
0:44 of 3rd period - Slapshot by Dan Fritsche.
0:44 of 3rd period - Stopped by Michal Neuvirth with a rebound.
1:38 of 3rd period - Snap shot by Mike Sislo.
1:38 of 3rd period - Shot Misses the Net.
1:42 of 3rd period - Snap shot by Milan Bartovic.
1:42 of 3rd period - Shot Blocked by Enver Lisin.
2:06 of 3rd period - Slapshot by Ethan Moreau.
2:06 of 3rd period - Stopped by Michal Neuvirth with a rebound.
2:15 of 3rd period - Icing by Radoslav Suchy.
2:16 of 3rd period - Mike Zigomanis wins face-off versus Zack Hamill in Blackdemons zone.
2:19 of 3rd period - Slapshot by Vyacheslav Kozlov.
2:19 of 3rd period - Shot Misses the Net.
2:21 of 3rd period - Backhand shot by Chris Neil.
2:21 of 3rd period - Stopped by Michal Neuvirth with a rebound.
2:23 of 3rd period - Wrist shot by Chris Neil.
2:23 of 3rd period - Stopped by Michal Neuvirth with a rebound.
2:25 of 3rd period - Slapshot by Chris Neil.
2:25 of 3rd period - Shot Misses the Net.
3:09 of 3rd period - Snap shot by Philippe Boucher.
3:09 of 3rd period - Stopped by Michal Neuvirth without a rebound.
3:10 of 3rd period - Sam Gagner wins face-off versus Petr Kalus in Blackdemons zone.
3:21 of 3rd period - Wrist shot by Jason King.
3:21 of 3rd period - Stopped by Michal Neuvirth without a rebound.
3:22 of 3rd period - Michael Peca wins face-off versus Mike Zigomanis in Blackdemons zone.
3:47 of 3rd period - Alexander Perezhogin is hit by Tomas Kopecky and loses puck.
3:56 of 3rd period - Backhand shot by Matt Moulson.
3:56 of 3rd period - Stopped by Loïc Lacasse with a rebound.
4:15 of 3rd period - Snap shot by Cody McLeod.
4:15 of 3rd period - Shot Blocked by Enver Lisin.
4:17 of 3rd period - Snap shot by Petr Kalus.
4:17 of 3rd period - Stopped by Michal Neuvirth with a rebound.
4:37 of 3rd period - Snap shot by Curtis Brown.
4:37 of 3rd period - Stopped by Loïc Lacasse with a rebound.
5:28 of 3rd period - Snap shot by Mike Sislo.
5:28 of 3rd period - Deflect By Milan Bartovic.
5:28 of 3rd period - Stopped by Michal Neuvirth with a rebound.
5:40 of 3rd period - Michael Peca is hit by Jason King.
6:21 of 3rd period - Snap shot by Alexander Perezhogin.
6:21 of 3rd period - Shot Blocked by Sam Gagner.
6:23 of 3rd period - Wrist shot by Alexander Perezhogin.
6:23 of 3rd period - Shot Misses the Net.
6:43 of 3rd period - Snap shot by Todd Fedoruk.
6:43 of 3rd period - Stopped by Loïc Lacasse without a rebound.
6:44 of 3rd period - Mike Zigomanis wins face-off versus Michael Peca in Wolves zone.
7:23 of 3rd period - Snap shot by Vyacheslav Kozlov.
7:23 of 3rd period - Stopped by Michal Neuvirth without a rebound.
7:24 of 3rd period - Dan Fritsche wins face-off versus Sam Gagner in Blackdemons zone.
7:29 of 3rd period - Snap shot by Ethan Moreau.
7:29 of 3rd period - Shot Blocked by Nikita Nikitin.
7:49 of 3rd period - Mathieu Biron is hit by Cody McLeod and loses puck.
7:56 of 3rd period - Cody McLeod is hit by James Neal and loses puck.
8:41 of 3rd period - Radoslav Suchy is hit by Mike Zigomanis and loses puck.
8:54 of 3rd period - Wrist shot by Matt Moulson.
8:54 of 3rd period - Goal by Matt Moulson - Wolves : 3 - Blackdemons : 4.
8:55 of 3rd period - Mike Zigomanis wins face-off versus James Neal in neutral zone.
9:20 of 3rd period - Sam Gagner is hit by Willie Mitchell and loses puck.
9:31 of 3rd period - Wrist shot by Tomas Kopecky.
9:31 of 3rd period - Stopped by Loïc Lacasse without a rebound.
9:32 of 3rd period - Michael Peca wins face-off versus Chris Neil in Wolves zone.
11:10 of 3rd period - Slapshot by James Neal.
11:10 of 3rd period - Stopped by Loïc Lacasse without a rebound.
11:11 of 3rd period - Michael Peca wins face-off versus Mike Zigomanis in Wolves zone.
11:18 of 3rd period - Wrist shot by Curtis Brown.
11:18 of 3rd period - Shot Blocked by Chris Neil.
11:40 of 3rd period - Snap shot by Vyacheslav Kozlov.
11:40 of 3rd period - Stopped by Michal Neuvirth without a rebound.
11:40 of 3rd period - Minor Penalty to Curtis Brown for Hooking.
11:41 of 3rd period - Michael Peca wins face-off versus Dan Fritsche in Blackdemons zone.
12:12 of 3rd period - Slapshot by Philippe Boucher.
12:12 of 3rd period - Goal by Philippe Boucher - Wolves : 4 - Blackdemons : 4.
12:13 of 3rd period - Mike Zigomanis wins face-off versus Sam Gagner in neutral zone.
12:15 of 3rd period - Minor Penalty to Sam Gagner for Hooking.
12:16 of 3rd period - Michael Peca wins face-off versus Mike Zigomanis in Blackdemons zone.
13:57 of 3rd period - Willie Mitchell is hit by Steve Konowalchuk and loses puck.
14:12 of 3rd period - Ethan Moreau is hit by Mathieu Biron and loses puck.
14:15 of 3rd period - Penalty to Sam Gagner is over, Sam Gagner is back on ice.
14:21 of 3rd period - Snap shot by Sam Gagner.
14:21 of 3rd period - Stopped by Loïc Lacasse with a rebound.
14:23 of 3rd period - Slapshot by Tomas Kopecky.
14:23 of 3rd period - Shot Blocked by Bruno Gervais.
14:25 of 3rd period - Wrist shot by Tomas Kopecky.
14:25 of 3rd period - Deflect By Michael Peca.
14:25 of 3rd period - Shot Misses the Net.
14:25 of 3rd period - Puck is out of play.
14:26 of 3rd period - Maxime Macenauer wins face-off versus Petr Kalus in Wolves zone.
14:27 of 3rd period - Slapshot by Todd Fedoruk.
14:27 of 3rd period - Stopped by Loïc Lacasse with a rebound.
14:34 of 3rd period - Icing by Marc Methot.
14:35 of 3rd period - Petr Kalus wins face-off versus Maxime Macenauer in Wolves zone.
14:46 of 3rd period - Snap shot by Todd Fedoruk.
14:46 of 3rd period - Stopped by Loïc Lacasse with a rebound.
15:43 of 3rd period - Off-side.
15:44 of 3rd period - Zack Hamill wins face-off versus Mike Zigomanis in neutral zone.
15:49 of 3rd period - Slapshot by Enver Lisin.
15:49 of 3rd period - Stopped by Loïc Lacasse with a rebound.
15:51 of 3rd period - Snap shot by Steve Konowalchuk.
15:51 of 3rd period - Shot Misses the Net.
15:53 of 3rd period - Snap shot by Nathan Paetsch.
15:53 of 3rd period - Stopped by Loïc Lacasse with a rebound.
15:55 of 3rd period - Wrist shot by Enver Lisin.
15:55 of 3rd period - Shot Blocked by Bruno Gervais.
15:57 of 3rd period - Snap shot by Steve Konowalchuk.
15:57 of 3rd period - Shot Misses the Net.
15:59 of 3rd period - Snap shot by Zack Hamill.
15:59 of 3rd period - Stopped by Loïc Lacasse with a rebound.
16:11 of 3rd period - Minor Penalty to James Neal for Hooking.
16:12 of 3rd period - Mike Zigomanis wins face-off versus Michael Peca in Blackdemons zone.
16:13 of 3rd period - Snap shot by Vyacheslav Kozlov.
16:13 of 3rd period - Shot Misses the Net.
16:15 of 3rd period - Slapshot by Willie Mitchell.
16:15 of 3rd period - Stopped by Michal Neuvirth with a rebound.
16:17 of 3rd period - Snap shot by Willie Mitchell.
16:17 of 3rd period - Stopped by Michal Neuvirth with a rebound.
16:19 of 3rd period - Snap shot by Vyacheslav Kozlov.
16:19 of 3rd period - Stopped by Michal Neuvirth without a rebound.
16:20 of 3rd period - Mike Zigomanis wins face-off versus Michael Peca in Blackdemons zone.
16:22 of 3rd period - Minor Penalty to Mathieu Biron for Hooking.
16:23 of 3rd period - Michael Peca wins face-off versus Mike Zigomanis in Blackdemons zone.
16:36 of 3rd period - Slapshot by Chris Neil.
16:36 of 3rd period - Stopped by Michal Neuvirth without a rebound.
16:37 of 3rd period - Michael Peca wins face-off versus Mike Zigomanis in Blackdemons zone.
16:46 of 3rd period - Michael Peca is hit by Mike Zigomanis and loses puck.
17:01 of 3rd period - Michael Peca is hit by Philippe Boucher and loses puck.
17:12 of 3rd period - Slapshot by Chris Neil.
17:12 of 3rd period - Stopped by Michal Neuvirth with a rebound.
17:14 of 3rd period - Slapshot by Vyacheslav Kozlov.
17:14 of 3rd period - Deflect By Michael Peca.
17:14 of 3rd period - Shot Misses the Net.
17:14 of 3rd period - Puck is out of play.
17:15 of 3rd period - Dan Fritsche wins face-off versus Michael Peca in Blackdemons zone.
17:54 of 3rd period - Snap shot by Matt Moulson.
17:54 of 3rd period - Stopped by Loïc Lacasse with a rebound.
18:11 of 3rd period - Penalty to James Neal is over, James Neal is back on ice.
18:22 of 3rd period - Penalty to Mathieu Biron is over, Mathieu Biron is back on ice.
18:58 of 3rd period - Slapshot by Philippe Boucher.
18:58 of 3rd period - Stopped by Michal Neuvirth with a rebound.

Overtime #1


0:01 of 1st overtime period - Chris Neil wins face-off versus Curtis Brown in neutral zone.
0:04 of 1st overtime period - Nathan Paetsch is hit by Chris Neil and loses puck.
0:11 of 1st overtime period - Snap shot by Vyacheslav Kozlov.
0:11 of 1st overtime period - Shot Misses the Net.
0:39 of 1st overtime period - Wrist shot by Alexander Perezhogin.
0:39 of 1st overtime period - Shot Blocked by James Neal.
1:30 of 1st overtime period - Enver Lisin is hit by Chris Neil and loses puck.
1:51 of 1st overtime period - Curtis Brown is hit by Bruno Gervais and loses puck.
2:56 of 1st overtime period - Wrist shot by Zack Hamill.
2:56 of 1st overtime period - Shot Blocked by Matt Gilroy.
3:40 of 1st overtime period - Ethan Moreau is hit by Curtis Brown and loses puck.
4:51 of 1st overtime period - James Neal is hit by Nate Guenin and loses puck.

ShootOut


5:00 of 1st overtime period - Penalty Shot by Chris Neil for Wolves.
5:00 of 1st overtime period - Deke by Chris Neil.
5:00 of 1st overtime period - Shot Misses the Net.
5:00 of 1st overtime period - Penalty Shot by James Neal for Blackdemons.
5:00 of 1st overtime period - Deke by James Neal.
5:00 of 1st overtime period - Goal by James Neal.
5:00 of 1st overtime period - Penalty Shot by Vyacheslav Kozlov for Wolves.
5:00 of 1st overtime period - Wrist shot by Vyacheslav Kozlov.
5:00 of 1st overtime period - Goal by Vyacheslav Kozlov.
5:00 of 1st overtime period - Penalty Shot by Enver Lisin for Blackdemons.
5:00 of 1st overtime period - Deke by Enver Lisin.
5:00 of 1st overtime period - Stopped by Loïc Lacasse.
5:00 of 1st overtime period - Penalty Shot by Ethan Moreau for Wolves.
5:00 of 1st overtime period - Backhand shot by Ethan Moreau.
5:00 of 1st overtime period - Stopped by Michal Neuvirth.
5:00 of 1st overtime period - Penalty Shot by Matt Moulson for Blackdemons.
5:00 of 1st overtime period - Wrist shot by Matt Moulson.
5:00 of 1st overtime period - Stopped by Loïc Lacasse.
5:00 of 1st overtime period - Penalty Shot by Alexander Perezhogin for Wolves.
5:00 of 1st overtime period - Snap shot by Alexander Perezhogin.
5:00 of 1st overtime period - Goal by Alexander Perezhogin.
5:00 of 1st overtime period - Penalty Shot by Michael Peca for Blackdemons.
5:00 of 1st overtime period - Deke by Michael Peca.
5:00 of 1st overtime period - Goal by Michael Peca.
5:00 of 1st overtime period - Penalty Shot by Mike Zigomanis for Wolves.
5:00 of 1st overtime period - Snap shot by Mike Zigomanis.
5:00 of 1st overtime period - Stopped by Michal Neuvirth.
5:00 of 1st overtime period - Penalty Shot by Todd Fedoruk for Blackdemons.
5:00 of 1st overtime period - Backhand shot by Todd Fedoruk.
5:00 of 1st overtime period - Stopped by Loïc Lacasse.
5:00 of 1st overtime period - Penalty Shot by Dan Fritsche for Wolves.
5:00 of 1st overtime period - Deke by Dan Fritsche.
5:00 of 1st overtime period - Goal by Dan Fritsche.
5:00 of 1st overtime period - Penalty Shot by Steve Konowalchuk for Blackdemons.
5:00 of 1st overtime period - Backhand shot by Steve Konowalchuk.
5:00 of 1st overtime period - Shot Misses the Net.


Output by the SimonT Hockey Simulator (STHS) for François Prévost -- Original Page W3C XHTML 1.0 Valid
Hockey Simulator - Hockey Simulation - Hockey Manager